 Dungeon Crawl Stone Soup version 0.29.1-1-gd02db6906a (webtiles) character file.

Game seed: 4595309740303636809

1134 jimonade the Skirmisher (level 8, -7/56 HPs)
             Began as a Formicid Hunter on Sept 23, 2022.
             Succumbed to a water moccasin's poison
             ... on level 7 of the Dungeon.
             The game lasted 00:12:59 (6117 turns).

jimonade the Skirmisher (Formicid Hunter)           Turns: 6117, Time: 00:12:59

Health: -7/56      AC:  6    Str: 19    XL:     8   Next: 63%
Magic:  10/10      EV: 12    Int:  9    God:
Gold:   437        SH:  0    Dex: 22    Spells: 9/9 levels left

rFire   + . .      SeeInvis +   a - +0 shortbow
rCold   + + .      Faith    .   (no shield)
rNeg    + . .      Spirit   .   c - +0 leather armour
rPois   +          Reflect  .   (helmet unavailable)
rElec   +          Harm     .   G - +0 cloak of the Minstrel {Regen+ Str+3 Int+3 Slay+3}
rCorr   +          Rampage  .   w - +0 pair of gloves
Will    .....                   e - +0 pair of boots
Stlth   ++........              (no amulet)
HPRegen 0.98/turn               k - ring "Kexziebu" {rC+ rN+ Int-3 Dex+3 SInv}
MPRegen 0.12/turn               (no ring)

@: lethally poisoned (-7 -> -37), resistant
A: permanent stasis, dig shafts and tunnels, antennae 3, four strong arms
a: Dig, Shaft Self


You were on level 7 of the Dungeon.
You visited 1 branch of the dungeon, and saw 7 of its levels.

You collected 437 gold pieces.

Inventory:

Hand Weapons
 a - a +0 shortbow (weapon)
 b - a +2 spear of venom
 l - a +2 vampiric dagger
 A - a +0 short sword
 D - a +0 rapier
Armour
 c - a +0 leather armour (worn)
 e - a +0 pair of boots (worn)
 i - a +0 scale mail
 v - a +0 ring mail
 w - a +0 pair of gloves (worn)
 G - the +0 cloak of the Minstrel (worn) {Regen+ Str+3 Int+3 Slay+3}
   (You found it on level 7 of the Dungeon)

   Str:       It affects your strength (+3).
   Int:       It affects your intelligence (+3).
   Slay:      It affects your accuracy & damage with ranged weapons and melee
   (+3).
   Regen:     It increases your rate of health regeneration.
Magical Staves
 y - a staff of earth
Jewellery
 d - an amulet of magic regeneration
 k - the ring "Kexziebu" (left hand) {rC+ rN+ Int-3 Dex+3 SInv}
   (You found it on level 2 of the Dungeon)

   [ring of protection from cold]

   Int:       It affects your intelligence (-3).
   Dex:       It affects your dexterity (+3).
   rC:        It protects you from cold.
   rN:        It protects you from negative energy.
   SInv:      It lets you see invisible.
 o - a +6 ring of intelligence
Wands
 h - a wand of digging (4)
 E - a wand of mindburst (20)
 I - a wand of flame (26)
Scrolls
 j - a scroll of immolation
 n - 5 scrolls of identify
 s - a scroll of enchant armour {unknown}
 t - a scroll of amnesia {unknown}
 u - 2 scrolls of poison {unknown}
 x - 2 scrolls of magic mapping {unknown}
 B - a scroll of vulnerability {unknown}
 H - 4 scrolls of teleportation {unknown}
Potions
 f - a potion of degeneration
 g - a potion of resistance
 m - 3 potions of ambrosia {unknown}
 p - a potion of attraction {unknown}
 q - a potion of might {unknown}
 r - 3 potions of curing {unknown}
 z - 2 potions of heal wounds {unknown}
 C - 2 potions of flight {unknown}
 F - a potion of magic {unknown}


   Skills:
 - Level 2.1 Fighting
 + Level 10.2 Ranged Weapons
 - Level 1.7 Dodging
 - Level 1.2 Stealth
 * Level 1.4 Spellcasting
 * Level 1.5 Transmutations


You had 9 spell levels left.
You didn't know any spells.
Your spell library contained the following spells:

 Spells                   Type           Power      Damage    Failure   Level
 Beastly Appendage        Tmut           6%         N/A       22%         1
 Wereblood                Tmut           3%         N/A       34%         2
 Shock                    Conj/Air       0%         1d3       38%         1
 Spider Form              Tmut/Pois      2%         N/A       67%         3
 Gell's Gravitas          Tloc           0%         N/A       77%         3
 Lesser Beckoning         Tloc           0%         N/A       77%         3
 Teleport Other           Tloc           0%         N/A       77%         3
 Hailstorm                Conj/Ice       0%         3d3       99%         4
 Fireball                 Conj/Fire      0%         3d3       100%        5
 Iskenderun's Battlesphe  Conj           0%         2d6       100%        5
 Conjure Ball Lightning   Conj/Air       0%         3x3d6     100%        6
 Iron Shot                Conj/Erth      0%         9d1       100%        6
 Orb of Destruction       Conj           0%         9d5       100%        7


Dungeon Overview and Level Annotations

Branches:
Dungeon (7/15)             Temple (0/1) D:5

Altars:
Yredelemnul
The Shining One


Innate Abilities, Weirdness & Mutations

You cannot be hasted, slowed, berserked, paralysed or teleported.
You can dig through walls and to a lower floor.
You have a pair of large antennae on your head. (SInv)
Your four strong arms can wield two-handed weapons with a shield.


Message History

The water moccasin bites you but does no damage.
You shoot an arrow.
The arrow closely misses the water moccasin.
The arrow barely misses the orc priest.
You feel very sick. The water moccasin bites you.
You are more poisoned.
The water moccasin poisons you!
You shoot an arrow. The arrow hits the water moccasin.
The water moccasin is severely wounded.
You feel extremely sick. The water moccasin misses you.
You are too injured to fight recklessly!
You are too injured to fight recklessly!
You are too injured to fight recklessly!
You are too injured to fight recklessly!
Fire: a) +0 shortbow
Press: ? - help, Q - select action, (/) - cycle Shift-Dir - straight line, f/p - water moccasin
Aim: a water moccasin (severely wounded, 58% to hit)
You shoot an arrow. The arrow hits the water moccasin!
The water moccasin is almost dead.
You feel very sick. The water moccasin bites you.
You are lethally poisoned!
The water moccasin poisons you! The water moccasin bites you.
* * * LOW HITPOINT WARNING * * *
Fire: a) +0 shortbow
Press: ? - help, Q - select action, (/) - cycle Shift-Dir - straight line, f/p - water moccasin
Aim: a water moccasin (almost dead, 58% to hit)
You shoot an arrow. The arrow hits the water moccasin.
The water moccasin is almost dead.
* * * LOW HITPOINT WARNING * * *
You feel extremely sick. The water moccasin bites you.
* * * LOW HITPOINT WARNING * * *
You are more poisoned.
The water moccasin poisons you!
It was a potion of resistance.
You feel protected.
You die...

#.###. .# ... ##..#.. .#
.... ...#.##[##...#
....##.#....#
#..........# .##
#.#..#........#
##.......#..#..##
####).#..##.# .#....
#oS@..#..##.# ...###
......o###.#..#..###.....
...).## #.#....#....####
.... #....#...#..##.. ...
#..#.#...#.....# ..
.....#.#.#........ .
.....#.....#.####.
..#..#..##.##.# #.
.##..#.....##.# ##


You could see a water moccasin, an orc priest and an orc.

Vanquished Creatures
  An ogre (D:3)
  2 ice beasts
  2 necrophages (D:5)
  A scorpion (D:5)
  A howler monkey (D:5)
  2 hounds (D:6)
  An orc priest (D:5)
  6 iguanas
  Natasha (twice) (D:3)
  3 orc wizards
  11 gnolls
  7 adders
  A white imp (D:5)
  An ufetubus (D:6)
  5 dart slugs
  9 orcs
  6 ball pythons
  4 bats
  7 endoplasms
  5 giant cockroaches
  7 goblins
  7 hobgoblins
  4 jackals (D:1)
  7 quokkas
  2 frilled lizards
  5 kobolds
  3 rats
112 creatures vanquished.

Notes
Turn   | Place    | Note
-------+----------+-------------------------------------------
     0 | D:1      | jimonade the Formicid Hunter began the quest for the Orb.
     0 | D:1      | Reached XP level 1. HP: 16/16 MP: 1/1
   117 | D:1      | Reached XP level 2. HP: 22/22 MP: 2/2
   395 | D:1      | Reached XP level 3. HP: 27/27 MP: 3/3
   517 | D:1      | Reached skill level 5 in Ranged Weapons
  1013 | D:2      | Reached XP level 4. HP: 29/33 MP: 4/4
  1125 | D:2      | Identified the ring "Kexziebu" {rC+ rN+ Int-3 Dex+3 SInv}
  1300 | D:2      | Got the Vellum of Blows and Bruises
  1547 | D:2      | Reached skill level 6 in Ranged Weapons
  1547 | D:2      | Reached XP level 5. HP: 36/38 MP: 5/5
  2130 | D:3      | You fall into a shaft and drop 3 floors!
  2410 | D:5      | Entered Level 5 of the Dungeon
  2440 | D:5      | Found a staircase to the Ecumenical Temple.
  2440 | D:5      | Noticed an ice beast
  2455 | D:5      | Reached XP level 6. HP: 35/44 MP: 6/6
  2478 | D:5      | Killed an ice beast
  2479 | D:5      | Reached skill level 7 in Ranged Weapons
  2541 | D:5      | Reached skill level 8 in Ranged Weapons
  2541 | D:5      | Reached XP level 7. HP: 40/50 MP: 7/7
  3465 | D:4      | Found a glowing golden altar of the Shining One.
  3467 | D:4      | Noticed an angel
  3472 | D:4      | Found a basalt altar of Yredelemnul.
  4167 | D:3      | Noticed Natasha
  4170 | D:3      | Reached skill level 9 in Ranged Weapons
  4170 | D:3      | Reached XP level 8. HP: 56/56 MP: 8/8
  4268 | D:3      | Killed Natasha
  4381 | D:3      | Noticed Natasha
  4387 | D:3      | Killed Natasha
  5626 | D:7      | Identified the +0 cloak of the Minstrel {Regen+ Str+3 Int+3
                  | Slay+3}
  5684 | D:6      | Reached skill level 1 in Spellcasting
  5684 | D:6      | Reached skill level 1 in Transmutations
  5731 | D:6      | Reached skill level 10 in Ranged Weapons
  6116 | D:7      | HP: 1/56 [water moccasin (3)]
  6117 | D:7      | Succumbed to a water moccasin's poison

Illustrated notes

Levels and vault maps discovered:
D:1:      elethiomel_arrival_fortress_basement, layout_loops_cross,
          minmay_misc_feat_four_crosses
D:2:      layout_basic
D:3:      layout_basic, cheibrodos_sewer_entry_drain, hex_large,
          serial_park_tiny_pond, uniq_natasha
D:4:      layout_basic, grunt_temple_overflow_holy_war
D:5:      layout_basic, minmay_temple_entry_crystal_x, minmay_splitting_lines
D:6:      layout_cave_pools
D:7:      layout_rooms, nicolae_overflow_hidden_temple

Skill      XL: |  1  2  3  4  5  6  7  8 |
---------------+-------------------------+-----
Ranged Weapons | 5 6 8 9 10 | 10.2
Spellcasting   | 1 |  1.4
Transmutations | 1 |  1.5
Fighting       | |  2.1
Dodging        | |  1.7
Stealth        | |  1.2

Action                   |  1- 3 |  4- 6 |  7- 9 || total
-------------------------+-------+-------+-------++-------
Melee: Short sword       |       |     1 |       ||     1
       Spear             |       |       |    21 ||    21
 Fire: Shortbow          |    64 |   106 |   187 ||   357
 Abil: Shaft Self        |       |     1 |       ||     1
  Use: Scroll            |       |     4 |       ||     4
       Potion            |       |       |     1 ||     1
Armor: Leather armour    |    10 |     2 |    26 ||    38
Dodge: Dodged            |    24 |    28 |    49 ||   101
